 Dungeon Crawl Stone Soup version 0.17-a0-1596-g1e86911 (webtiles) character file.

8761 spinkules the Severer (level 11, 0/83 HPs)
             Began as a Minotaur Berserker on July 30, 2015.
             Was a High Priest of Trog.
             Slain by a crocodile (5 damage)
             ... on level 11 of the Dungeon on July 31, 2015.
             The game lasted 00:41:17 (9245 turns).

spinkules the Severer (Minotaur Berserker)          Turns: 9245, Time: 00:41:17

Health: 0/83       AC: 16    Str: 22    XL:     11   Next: 14%
Magic:  10/10      EV:  7    Int:  5    God:    Trog [*****.]
Gold:   488        SH:  0    Dex: 12    Spells: 0 memorised, 10 levels left

rFire  . . .     SeeInvis .     F - +2 battleaxe (venom)
rCold  . . .     Clarity  .     D - +0 plate armour
rNeg   . . .     SustAt   .     (no shield)
rPois  .         Gourm    .     (helmet restricted)
rElec  .         Spirit   .     (no cloak)
rCorr  .         Warding  .     (no gloves)
rMut   .         Rnd*Tele +     x - +2 pair of boots
MR     .....                    (no amulet)
Stlth  ..........               G - +2 ring of protection
                                H - ring of teleportation

@: not resistant to hostile enchantments, extremely unstealthy
A: retaliatory headbutt, horns 2
a: Burn Spellbooks, Berserk, Trog's Hand, Brothers in Arms, Renounce Religion,
Evoke Teleportation


You were on level 11 of the Dungeon.
You worshipped Trog.
Trog was extremely pleased with you.
You were not hungry.

You visited 1 branch of the dungeon, and saw 11 of its levels.

You collected 572 gold pieces.
You spent 84 gold pieces at shops.

Inventory:

Hand weapons
 a - a +0 hand axe
 F - a +2 battleaxe of venom (weapon)
 J - a +2 antimagic executioner's axe
 N - the +2 mace of Earthquakes {crush, Int+4, unknown}
   (You found it on level 9 of the Dungeon)

   It inflicts extra damage upon your enemies.
   It affects your intelligence (+4).
 R - a -3 war axe
Missiles
 L - a tomahawk (quivered)
 T - 8 exploding tomahawks
 X - 4 curare-tipped needles
Armour
 b - a +0 animal skin
 q - a +0 leather armour
 t - a +0 chain mail
 w - a +1 ring mail of fire resistance
 x - a +2 pair of boots (worn)
 B - a +0 chain mail
 D - a +0 plate armour (worn)
Jewellery
 v - an uncursed ring of fire
 G - a +2 ring of protection (right hand)
 H - a ring of teleportation (left hand)
Magical devices
 u - a wand of polymorph (0)
 C - a wand of slowing (16)
 S - a wand of lightning (7)
 U - a wand of cold (10)
Scrolls
 d - 4 scrolls of remove curse
 e - 13 scrolls of identify {unknown}
 g - 4 scrolls of recharging {unknown}
 i - 3 scrolls of immolation {unknown}
 j - a scroll of random uselessness {unknown}
 k - 2 scrolls of enchant weapon {unknown}
 n - 6 scrolls of teleportation
 o - 2 scrolls of enchant armour {unknown}
 y - a scroll of torment {unknown}
 A - 2 scrolls of vulnerability {unknown}
 E - 2 scrolls of amnesia {unknown}
 I - a scroll of brand weapon {unknown}
 M - a scroll of summoning {unknown}
Potions
 c - a potion of degeneration {unknown}
 f - a potion of might {unknown}
 h - 2 potions of haste
 l - 2 potions of heal wounds {unknown}
 p - a potion of berserk rage {unknown}
 r - 6 potions of curing
 z - 2 potions of agility {unknown}
 K - a potion of magic {unknown}
 O - a potion of mutation {unknown}
Comestibles
 m - 6 meat rations
 s - 6 bread rations
 P - 2 beef jerkies
 Q - 7 slices of pizza
 V - 4 fruits
 W - 4 chunks of flesh
 Y - an inedible chunk of flesh


   Skills:
 - Level 3.9 Fighting
 + Level 18.9 Axes
 - Level 1.0 Throwing
 - Level 2.6 Armour
 - Level 2.2 Dodging
 - Level 0.2 Unarmed Combat


You had 10 spell levels left.
You didn't know any spells.

Dungeon Overview and Level Annotations

Branches:
Dungeon (11/15)            Temple (0/1) D:6            Lair (0/8) D:11
    Orc: D:9-12

Altars:
Ashenzari
Cheibriados
Dithmenos
Okawaru
Qazlal
Ru
Yredelemnul

Shops:
D:4 *

Annotations:
D:6 exclusion: oklob plant


Innate Abilities, Weirdness & Mutations

You reflexively headbutt those who attack you in melee.
You have a pair of horns on your head.


Message History

The river rat is heavily wounded.
The river rat bites you but does no damage.
The crocodile barely misses you. The river rat barely misses you.
Things that are here:
an iguana corpse; a basilisk corpse The crocodile bites you.
* * * LOW HITPOINT WARNING * * *
You see here a river rat corpse.
You slash the crocodile!
The crocodile is poisoned.
The crocodile is severely wounded.
The crocodile bites you.
* * * LOW HITPOINT WARNING * * *
You closely miss the crocodile.
The crocodile is almost dead.
You feel yourself speed up.
The crocodile bites you but does no damage.
You closely miss the crocodile.
The crocodile is almost dead.
The crocodile bites you.
You die...

.###..#
.#♣........P...[ .#
..# .........>..P...
.# ## #..P.....♣.....
.. #P...P...!..... ##
#.......P♣P... .
#....P........ ...
##....?......#
#..#######.........##
#.....@tr).#.....#.#
#.######...####### #
#.....# #........
#.....#### ##...##
###.# #.. ..


You could see a crocodile and a river rat.

Vanquished Creatures
  A hill giant (D:10)
  A trapdoor spider zombie (D:8)
  3 deep elf magi
  A slime creature (D:7)
  2 two-headed ogres (D:9)
  A wyvern (D:9)
  4 yaks
  2 hippogriffs
  A human (D:9)
  2 basilisks (D:11)
  4 orc warriors
  2 porcupines (D:11)
  3 ice beasts
  2 sky beasts
  A phantom (D:7)
  A black bear (D:9)
  A necrophage (D:8)
  8 spiders (D:9)
  7 ogres
  2 centaurs
  2 crocodiles (D:11)
  3 big kobolds
  6 giant frogs
  2 scorpions
  10 wights
  2 quasits
  2 centaur zombies
  A crimson imp (D:7)
  A giant frog zombie (D:8)
  Ijyb (D:3)
  A centaur skeleton (D:8)
  5 hounds
  2 iguanas
  A jelly (D:6)
  A giant frog skeleton (D:10)
  5 worker ants
  9 orc priests
  Terence (D:3)
  Natasha (thrice) (D:3)
  12 orc wizards
  3 sheep (D:9)
  Robin (D:2)
  3 hound skeletons
  2 gnolls (D:6)
  6 adders
  5 river rats
  2 shadow imps
  13 oozes
  An adder zombie (D:6)
  5 giant geckos
  45 orcs
  5 giant cockroaches
  20 goblins
  10 hobgoblins
  8 jackals
  2 quokkas
  3 ball pythons
  A ball python zombie (D:6)
  2 bats
  4 giant newts
  22 kobolds
  A quokka skeleton (D:4)
  7 rats
290 creatures vanquished.

Vanquished Creatures (others)
  8 fungi (D:6)
  3 plants (D:11)
11 creatures vanquished.

Grand Total: 301 creatures vanquished

Notes
Turn   | Place    | Note
--------------------------------------------------------------
     0 | D:1      | spinkules the Minotaur Berserker began the quest for the Orb.
     0 | D:1      | Reached XP level 1. HP: 19/19 MP: 0/0
    56 | D:1      | HP: 1/20 [kobold/whip (5)]
    57 | D:1      | Reached XP level 2. HP: 1/27 MP: 1/1
   329 | D:1      | Reached skill level 4 in Axes
   412 | D:1      | Acquired Trog's second power
   754 | D:2      | Found a basalt altar of Yredelemnul.
   785 | D:2      | Reached XP level 3. HP: 26/33 MP: 2/2
   850 | D:2      | Reached skill level 5 in Axes
   854 | D:2      | Found a shadowy altar of Dithmenos.
  1048 | D:2      | Found a faded altar to an unknown god.
  1062 | D:2      | Found a shattered altar of Ashenzari.
  1273 | D:2      | Noticed Robin
  1284 | D:2      | Reached XP level 4. HP: 25/40 MP: 3/3
  1284 | D:2      | Killed Robin
  1375 | D:3      | Noticed Ijyb
  1389 | D:3      | Killed Ijyb
  1389 | D:3      | Reached skill level 6 in Axes
  1567 | D:3      | Reached XP level 5. HP: 36/46 MP: 4/4
  1725 | D:3      | Noticed Terence
  1736 | D:3      | Killed Terence
  1736 | D:3      | Reached skill level 7 in Axes
  1752 | D:3      | Noticed Natasha
  1761 | D:3      | Killed Natasha
  1880 | D:3      | Noticed Natasha
  1890 | D:3      | Killed Natasha
  1901 | D:3      | Noticed Natasha
  1904 | D:3      | Killed Natasha
  1983 | D:4      | Found Niashrih's General Store.
  1991 | D:4      | Bought a scroll of teleportation for 42 gold pieces
  1991 | D:4      | Bought a potion of curing for 42 gold pieces
  2139 | D:4      | Reached XP level 6. HP: 39/52 MP: 5/5
  2385 | D:4      | Reached skill level 8 in Axes
  3072 | D:5      | Entered Level 5 of the Dungeon
  3086 | D:5      | Reached skill level 9 in Axes
  3092 | D:5      | Reached XP level 7. HP: 36/58 MP: 6/6
  3157 | D:5      | Acquired Trog's third power
  3213 | D:5      | Found a sacrificial altar of Ru.
  3658 | D:5      | Found a sacrificial altar of Ru.
  3693 | D:6      | Reached skill level 10 in Axes
  3775 | D:6      | Reached skill level 1 in Throwing
  3778 | D:6      | Reached skill level 11 in Axes
  4005 | D:6      | Reached XP level 8. HP: 46/66 MP: 7/7
  4101 | D:6      | Noticed an oklob plant
  4277 | D:6      | Found a staircase to the Ecumenical Temple.
  4373 | D:6      | Reached skill level 12 in Axes
  4425 | D:6      | Found a snail-covered altar of Cheibriados.
  4641 | D:6      | Received a gift from Trog
  4774 | D:7      | Reached skill level 13 in Axes
  4913 | D:7      | Noticed a slime creature
  4924 | D:7      | Killed a slime creature
  4924 | D:7      | Reached XP level 9. HP: 38/71 MP: 8/8
  5429 | D:7      | Reached skill level 14 in Axes
  6379 | D:7      | Reached skill level 15 in Axes
  6845 | D:8      | Received a gift from Trog
  7031 | D:8      | Reached skill level 16 in Axes
  7053 | D:8      | Reached XP level 10. HP: 73/78 MP: 3/9
  7428 | D:9      | Got an encrusted mace
  7451 | D:9      | Found an iron altar of Okawaru.
  7476 | D:9      | Reached skill level 17 in Axes
  8253 | D:9      | Found a stormy altar of Qazlal.
  8508 | D:10     | Entered Level 10 of the Dungeon
  8532 | D:10     | Reached skill level 18 in Axes
  8668 | D:10     | Noticed a hill giant
  8674 | D:10     | Killed a hill giant
  9159 | D:11     | Found a staircase to the Lair.
  9170 | D:11     | Reached XP level 11. HP: 75/83 MP: 10/10
  9205 | D:11     | Received a gift from Trog
  9220 | D:11     | HP: 3/83 [crocodile (2)]
  9243 | D:11     | HP: 4/83 [crocodile (5)]
  9245 | D:11     | Slain by a crocodile

Vault maps used:
D:1:      mrwooster_arrival_arrow, kennysheep_pointless_box
D:2:      kennysheep_goblin_castle, old_standard_altar,
          yredelemnul_altar_generic, ashenzari_altar_1, ecumenical_altar_2
D:3:      uniq_robin, uniq_natasha, uniq_iyjb, uniq_terence
D:4:      serial_shops, shop, gup_sewer_entry_bowl, sigmund_army
D:5:      old_standard_altar, first_bread, nicolae_ru_path_of_blood
D:6:      lemuel_slime, cheibriados_altar_wand_db, temple_hall,
          grunt_ministairs_1, lexackson_kobold_supper
D:7:      kennysheep_big_flooded_room
D:9:      old_standard_altar, lemuel_coloured_pillars_altar, grunt_livestock,
          spider_trap
D:11:     minmay_lair_entry_grove

Action                   |  1- 3 |  4- 6 |  7- 9 | 10-12 || total
-------------------------+-------+-------+-------+-------++-------
Melee: Hand axe          |    87 |   136 |   164 |       ||   387
       Unarmed           |       |     7 |       |       ||     7
       Battleaxe         |       |       |   132 |    84 ||   216
       Executioner's axe |       |       |    12 |    74 ||    86
       War axe           |       |       |       |    13 ||    13
Throw: Tomahawk          |       |       |     5 |     1 ||     6
Invok: Berserk           |     1 |       |     4 |     4 ||     9
       Burn Spellbooks   |       |     1 |       |     1 ||     2
  Use: Scroll            |       |       |     1 |     1 ||     2
  Eat: Bread ration      |     1 |       |       |       ||     1
       Chunk             |       |     3 |    10 |    12 ||    25
       Meat ration       |       |       |     1 |       ||     1
       Pizza             |       |       |     1 |       ||     1
